 Dungeon Crawl Stone Soup version 0.30-a0-782-ge64f9170bb (webtiles) character file.

Game seed: 11607013392207314254

106 112233 the Ducker (level 4, -7/31 HPs)
             Began as a Merfolk Gladiator on Mar 1, 2023.
             Splashed by a jelly's acid (9 damage)
             ... on level 4 of the Dungeon.
             The game lasted 00:01:35 (1915 turns).

112233 the Ducker (Merfolk Gladiator)               Turns: 1915, Time: 00:01:35

Health: -7/31      AC: -1    Str: 16    XL:     4   Next: 84%
Magic:  4/4        EV: 11    Int:  7    God:
Gold:   136        SH:  0    Dex: 13    Spells: 3/3 levels left

rFire   . . .      SeeInvis .    a - +0 trident
rCold   . . .      Faith    .    (no shield)
rNeg    . . .      Spirit   .    n - +0 scale mail
rPois   .          Reflect  .    c - +0 helmet
rElec   .          Harm     .    (no cloak)
rCorr   .          Rampage  .    (no gloves)
Will    .....                    (no boots) Stlth
                                 (no amulet)
HPRegen 0.25/turn                (no ring)
MPRegen 0.09/turn                (no ring)

@: corroded
A: (nimble swimmer 2), mertail, clumsy 1, frail 1, no potion heal 1
a: no special abilities


You were on level 4 of the Dungeon.
You visited 1 branch of the dungeon, and saw 4 of its levels.

You collected 136 gold pieces.

Inventory:

Hand Weapons
 a - a +0 trident (weapon)
Missiles
 d - 3 throwing nets
 e - 5 javelins (quivered)
Armour
 b - a +0 leather armour
 c - a +0 helmet (worn)
 n - a +0 scale mail (worn)
Jewellery
 g - a ring of see invisible
 p - a +6 ring of dexterity
Scrolls
 h - 2 scrolls of identify {unknown}
 j - a scroll of teleportation {unknown}
 k - a scroll of poison {unknown}
 l - a scroll of fear {unknown}
 o - a scroll of immolation {unknown}
 r - a scroll of magic mapping {unknown}
Potions
 m - a potion of ambrosia {unknown}
 q - a potion of heal wounds {unknown}


   Skills:
 + Level 3.5 Fighting
 + Level 5.2 Polearms
 - Level 2.0 Throwing
 + Level 5.2 Dodging


You had 3 spell levels left.
You didn't know any spells.
Your spell library was empty.

Dungeon Overview and Level Annotations

Branches:
Dungeon (4/15)
 Temple: D:4-7

Altars:
Ru


Innate Abilities, Weirdness & Mutations

((You are very nimble when in or above water. (Stealth+, EV+, Speed+++)))
Your lower body shifts to a powerful aquatic tail in water.
You are clumsy. (Dex -2)
You are frail. (-10% HP)
Potions are less effective at restoring your health.


Message History

The jelly closely misses you. The kobold hits you but does no damage.
The endoplasm freezes you.
You are frozen.
There are monsters nearby!
There are monsters nearby!
You hit the jelly but do no damage.
Your hands burn!
The jelly is severely wounded.
The jelly hits you but does no damage.
The kobold hits you with a +0 short sword.
The endoplasm hits you.
There are monsters nearby!
You are too injured to fight recklessly!
There are monsters nearby!
You are too injured to fight recklessly!
Unknown command.
The endoplasm attacks as you move away!
The endoplasm hits you but does no damage.
The kobold attacks as you move away!
The kobold hits you with a +0 short sword.
The kobold attacks as you move away! The kobold closely misses you.
The jelly attacks as you move away! The jelly barely misses you.
The endoplasm attacks as you move away! The endoplasm barely misses you.
There is a large open door here.
The jelly attacks as you move away! The jelly hits you but does no damage.
The endoplasm attacks as you move away! The endoplasm closely misses you.
Your system partially rejects the healing.
You feel better. The jelly hits you. The acid corrodes you!
You are splashed with acid!
* * * LOW HITPOINT WARNING * * *
You are too injured to fight recklessly!
Unknown command.
You aren't carrying any items that you can evoke.
Unknown command.
As you read the scroll labelled OTRARE GETTOET, it crumbles to dust.
You feel a surge of unholy energy.
The jelly convulses!
The endoplasm convulses!
The orc convulses!
It was a scroll of torment.
The jelly hits you.
* * * LOW HITPOINT WARNING * * *
You are splashed with acid!
You die...

. ##### .. ...<#
########## .#
#########........###..#
........#.#####.......##
........................
.######.#.#......####.##
.# #.#.#..#......# .##
#.#.#..###@##.#
..#####.#.#..# #.JJ.#
........#....#####'K####
#.###........##...o....#
......#####.##..........#
##†...# ###............#
#....# #....o.........
#...)# #...............
##.### #.$..............


You could see a jelly, an orc, an endoplasm and a kobold.

Vanquished Creatures
  An orc priest (D:3)
  An adder (D:2)
  2 worms (D:2)
  4 orcs (D:3)
  4 ball pythons
  2 endoplasms (D:2)
  2 giant cockroaches
  2 goblins
  5 hobgoblins
  6 jackals (D:2)
  7 kobolds
  2 quokkas
  7 bats
  4 frilled lizards
  2 rats (D:3)
51 creatures vanquished.

Notes
Turn   | Place    | Note
-------+----------+-------------------------------------------
     0 | D:1      | 112233 the Merfolk Gladiator began the quest for the Orb.
     0 | D:1      | Reached XP level 1. HP: 16/16 MP: 1/1
    47 | D:1      | Reached XP level 2. HP: 21/23 MP: 2/2
   374 | D:2      | Reached XP level 3. HP: 26/28 MP: 3/3
   603 | D:2      | Found a sacrificial altar of Ru.
   936 | D:3      | Reached XP level 4. HP: 10/35 MP: 4/4
   938 | D:3      | Gained mutation: You are clumsy. (Dex -2) [potion of
                  | mutation]
   938 | D:3      | Gained mutation: You are frail. (-10% HP) [potion of
                  | mutation]
   938 | D:3      | Gained mutation: Potions are less effective at restoring
                  | your health. [potion of mutation]
   947 | D:3      | Reached skill level 5 in Polearms
   947 | D:3      | Reached skill level 5 in Dodging
  1915 | D:4      | Splashed by a jelly's acid

Illustrated notes

Levels and vault maps discovered:
D:1:      nagdon_arrival_zigzag_paths, layout_basic, minivault_5
D:2:      layout_loops_corners, basic_altar
D:3:      layout_basic, serial_aquarium, aquarium_bridge_straight
          [aquarium_subvault_bridge, aquarium_subvault_wall,
          aquarium_subvault_bridge, aquarium_subvault_wall],
          aquarium_window_corridor_3, aquarium_window_fake,
          aquarium_window_fake, aquarium_view_2c, aquarium_view_2a,
          kennysheep_generic_room_11
D:4:      kennysheep_big_flooded_room, layout_basic

Skill      XL: |  1  2  3  4 |
---------------+-------------+-----
Fighting       | 3 |  3.5
Polearms       | 5 |  5.2
Dodging        | 5 |  5.2
Throwing       | |  2.0

Action                     |  1- 3 |  4- 6 || total
---------------------------+-------+-------++-------
  Melee: Trident           |    99 |    48 ||   147
         Punch             |     2 |       ||     2
  Throw: Throwing net      |       |     3 ||     3
    Use: Potion            |       |     4 ||     4
         Scroll            |       |     1 ||     1
   Stab: Distracted        |     1 |       ||     1
         Sleeping          |     1 |       ||     1
 Armour: Leather armour    |    22 |     3 ||    25
         Scale mail        |       |     8 ||     8
  Dodge: Dodged            |    63 |    24 ||    87

Table legend: (Time is in decaauts)
 A = Elapsed time spent in this place.
 B = Non-inter-level travel time spent in this place.
 C = Inter-level travel time spent in this place.
 D = Time resting spent in this place.
 E = Time spent auto-exploring this place.
 F = Levels seen in this place.
 G = Mean time per level.
                   A        B        C        D        E       F      G
               +--------+--------+--------+--------+--------+-----+--------+
         Total |   1923 |   1822 |    101 |    153 |   1355 |   4 |  480.8 |
       Dungeon |   1923 |   1822 |    101 |    153 |   1355 |   4 |  480.8 |
               +--------+--------+--------+--------+--------+-----+--------+

Top non-repeatable levels by time:
     D:3: 937 daAuts
     D:2: 848 daAuts
     D:1: 74 daAuts
     D:4: 63 daAuts
